 Dungeon Crawl Stone Soup version 0.20.0-8-g6b59dc7 (webtiles) character file.

962 RKaid the Digger (level 8, 0/42 HPs)
             Began as a Vine Stalker Earth Elementalist on May 31, 2017.
             Was a Follower of Cheibriados.
             Slain by a wight
             ... wielding a cursed +0 halberd
              (4 damage)
             ... on level 6 of the Dungeon.
             The game lasted 00:13:42 (4946 turns).

RKaid the Digger (Vine Stalker Earth Elementalist)  Turns: 4946, Time: 00:13:42

Health: 0/42       AC:  9    Str: 15    XL:     8   Next: 15%
Magic:  0/16       EV: 10    Int: 17    God:    Cheibriados [*.....]
Gold:   171        SH:  0    Dex: 17    Spells: 15/16 levels left

rFire    + . .     SeeInvis .   a - +3 mace (protect)
rCold    . . .     Gourm    .   (no shield)
rNeg     . . .     Faith    .   l - +0 ring mail {rF+}
rPois    .         Spirit   +   s - +1 helmet
rElec    .         Reflect  .   f - +0 cloak
rCorr    .         Harm     .   (no gloves)
MR       +....                  w - +0 pair of boots
Stlth    +.........             (no amulet)
Regen    0.6/turn               (no ring)
MPRegen  0.2/turn               j - +2 ring of slaying

@: heavily drained, very slow
A: fangs 3, regeneration 1, magic shield, antimagic bite, no potion heal 3, rot
immunity
a: Bend Time, Renounce Religion


You were on level 6 of the Dungeon.
You worshipped Cheibriados.
Cheibriados was aware of your devotion.
You were not hungry.

You visited 1 branch of the dungeon, and saw 6 of its levels.

You collected 243 gold pieces.
You spent 72 gold pieces at shops.

Inventory:

Hand Weapons
 a - a +3 mace of protection (weapon)
   (You took it off Eustachio on level 5 of the Dungeon)
 b - a +1 flail of holy wrath
   (You took it off an orc on level 4 of the Dungeon)
Missiles
 y - 263 stones (quivered)
Armour
 c - a +0 robe
 f - a +0 cloak (worn)
   (You found it on level 1 of the Dungeon)
 i - the +2 robe of the Eternal Fruit {rC+ rN+, unknown}
   (You found it on level 5 of the Dungeon)

   It protects you from cold.
   It protects you from negative energy.
 l - a +0 ring mail of fire resistance (worn)
   (You found it on level 1 of the Dungeon)
 s - a +1 helmet (worn)
   (You found it on level 2 of the Dungeon)
 w - a +0 pair of boots (worn)
   (You found it on level 5 of the Dungeon)
 F - a +0 leather armour
   (You took it off Eustachio on level 5 of the Dungeon)
Jewellery
 j - a +2 ring of slaying (right hand)
   (You found it on level 1 of the Dungeon)
 q - an uncursed ring of fire {rF+, rC-}
   (You found it on level 5 of the Dungeon)
 C - an uncursed amulet of regeneration {unknown}
   (You took it off an orc on level 5 of the Dungeon)
Wands
 x - a wand of enslavement (7/24)
   (You found it on level 3 of the Dungeon)
 G - a wand of lightning (6/15)
   (You took it off Ijyb on level 5 of the Dungeon)
 H - a wand of iceblast (11/15)
   (You found it on level 5 of the Dungeon)
Scrolls
 h - 2 scrolls of enchant weapon
 o - 3 scrolls of remove curse
 r - a scroll of noise {!r}
 E - a scroll of recharging
Potions
 g - a potion of magic {unknown}
 k - 3 potions of resistance
 m - a potion of mutation {unknown}
 n - a potion of brilliance
 p - a potion of curing {unknown}
 t - a potion of flight {unknown}
 v - 2 potions of heal wounds {unknown}
 z - a potion of lignification {!q}
 B - a potion of agility
Books
 e - a book of Geomancy
Comestibles
 d - 3 bread rations
 u - 2 royal jellies
 A - 2 chunks of flesh
 D - 4 fruits


   Skills:
 + Level 3.8(2.6) Fighting
 * Level 4.5(3.3) Maces & Flails
 - Level 1.5(0.4) Dodging
 - Level 2.4(1.2) Stealth
 + Level 4.8(3.6) Spellcasting
   Level 1.0(0.0) Transmutations
 - Level 5.0(3.8) Earth Magic


You had 15 spell levels left.
You knew the following spells:

 Your Spells              Type           Power        Failure   Level  Hunger
a - Sandblast             Erth           ###...       7%          1    None


Dungeon Overview and Level Annotations

Branches:
Dungeon (6/15)
 Temple: D:4-7

Altars:
Cheibriados
Dithmenos
Elyvilon
Fedhas
Nemelex Xobeh
Okawaru
Qazlal
Trog
Xom

Shops:
D:6 *

Annotations:
D:2 exclusion: Sigmund, Sigmund
D:4 exclusion: ogre


Innate Abilities, Weirdness & Mutations

You have razor-sharp teeth.
Your natural rate of healing is unusually fast.
When hurt, damage is shared between your health and your magic reserves.
Your bite disrupts and absorbs the magic of your enemies.
Potions cannot restore your health.
You are immune to rotting.


Message History

You hit the centaur zombie.
The centaur zombie convulses.
You bite the centaur zombie. You drain its power.
The centaur zombie hits you but does no damage.
You hit the centaur zombie.
The centaur zombie convulses.
You bite the centaur zombie. You drain its power.
The centaur zombie hits you but does no damage. x2
You sock the centaur zombie!
The centaur zombie convulses!
You bite the centaur zombie. You drain its power.
You destroy the centaur zombie!
Cheibriados thoroughly appreciates the change of pace.
You have reached level 8!
You feel stronger.
Your teeth grow very long and razor-sharp.
You hit the orc but do no damage. The orc hits you but does no damage.
Your ring mail prevents you from hitting the orc.
Your bite misses the orc. The orc hits you but does no damage.
You sock the orc!
You kill the orc!
Cheibriados thoroughly appreciates the change of pace.
No target in view!
m - a metallic grey potion
Things that are here:
a club; a leather armour; an orc corpse You butcher the orc corpse.
A - 2 chunks of flesh
Things that are here:
a club; a leather armour You now have 243 gold pieces (gained 22).
There is an entrance to Mesm's Assorted Antiques here.
I - a scroll labeled NUNAJE TESKU;
J - a scroll labeled ANGYOC NOAPP Thank you for shopping at Mesm's Assorted Antiques!
As you read the scroll labeled NUNAJE TESKU, it crumbles to dust.
The scroll dissolves into smoke.
It was a scroll of fog.
As you read the scroll labeled ANGYOC NOAPP, it crumbles to dust.
You feel strangely unstable.
It was a scroll of teleportation.
Your surroundings suddenly seem different. 3 wights come into view.
A wight is wielding a dire flail of protection.
A worker ant comes into view.
The wight hits you but does no damage. The wight completely misses you.
The worker ant twitches its antennae in your direction.
You see here 8 gold pieces.
You hit the wight but do no damage. The wight closely misses you.
You hit the wight.
The wight convulses.
Your bite misses the wight.
The wight hits you with an enchanted battleaxe.
You feel drained.
You barely miss the wight. You closely miss the wight. You bite the wight.
You drain its power.
You feel invigorated. The wight closely misses you.
You barely miss the wight. You bite the wight, but do no damage.
The wight completely misses you.
The wight hits you from afar with a halberd!
You feel drained.
You hit the wight.
The wight convulses.
You bite the wight. You drain its power.
You feel invigorated.
The wight hits you with a dire flail of protection.
The wight hits you but does no damage.
You hit the wight.
You destroy the wight!
Cheibriados appreciates the change of pace.
The wight barely misses you.
You hit the worker ant. The worker ant bites you.
The worker ant bites you but does no damage.
The wight barely misses you.
You sock the worker ant!
You kill the worker ant!
Cheibriados appreciates the change of pace.
The wight misses you.
You closely miss the wight. The wight closely misses you.
The wight hits you from afar with a halberd.
You barely miss the wight.
The wight hits you with an enchanted battleaxe!
The wight hits you but does no damage.
Okay, then.
Your +1 flail of holy wrath stops glowing.
Your +3 mace of protection hums with potential!
a - a +3 mace of protection (weapon)
The wight hits you with an enchanted battleaxe.
You feel drained.
* * * LOW HITPOINT WARNING * * *
You hit the wight.
Your weapon exudes an aura of protection.
The wight hits you but does no damage.
You hit the wight. The wight barely misses you.
The wight hits you but does no damage.
You sock the wight!
You destroy the wight!
Cheibriados appreciates the change of pace.
The wight hits you but does no damage. The wight hits you but does no damage.
The wight hits you from afar with a halberd!
* * * LOW HITPOINT WARNING * * *
You feel drained. The wight barely misses you.
You barely miss the wight. You bite the wight, but do no damage.
The wight hits you with a halberd!
* * * LOW HITPOINT WARNING * * *
You feel drained.
You die...

..###<........... #.#
.# #.....[.. #..# #.#
. #........ #...##
#.#### . #........
#.... #?...##
#########
#....##.z...##
#..az......# #######
#..........#
.......######.......#
#..@z.$)......##
#########.....#
.......# .......#
.......# .....##
#...##


You could see a wight.

Vanquished Creatures
  Eustachio (D:5)
  Menkaure (D:5)
  A phantom (D:5)
  An ogre (D:5)
  Blork the orc (D:5)
  2 wights (D:6)
  A centaur zombie (D:6)
  An orc priest (D:5)
  2 bullfrog skeletons (D:5)
  5 worker ants
  An orc wizard (D:5)
  A hound zombie (D:5)
  3 adders
  A shadow imp (D:5)
  An ooze (D:3)
  An adder skeleton (D:5)
  2 worms
  2 dart slugs
  3 leopard geckos
  13 orcs
  9 bats
  4 giant cockroaches
  4 goblins
  4 hobgoblins
  12 jackals
  8 kobolds
  A quokka (D:4)
  A ball python (D:5)
  3 frilled lizards
  6 rats
96 creatures vanquished.

Vanquished Creatures (collateral kills)
  Ijyb (D:5)
1 creature vanquished.

Grand Total: 97 creatures vanquished

Notes
Turn   | Place    | Note
-------+----------+-------------------------------------------
     0 | D:1      | RKaid the Vine Stalker Earth Elementalist began the quest for the Orb.
     0 | D:1      | Reached XP level 1. HP: 9/9 MP: 4/4
   390 | D:1      | Reached XP level 2. HP: 14/14 MP: 3/6
   939 | D:2      | Noticed Sigmund
   962 | D:2      | Reached XP level 3. HP: 17/17 MP: 7/7
   999 | D:2      | Reached skill level 1 in Fighting
   999 | D:2      | Reached skill level 4 in Earth Magic
  1068 | D:2      | Found a sparkling altar of Nemelex Xobeh.
  1771 | D:2      | Gained mutation: Your natural rate of healing is unusually fast. [Vine Stalker growth]
  1771 | D:2      | Reached XP level 4. HP: 21/22 MP: 8/8
  2074 | D:3      | Found a blossoming altar of Fedhas.
  2306 | D:3      | Found a bloodstained altar of Trog.
  2800 | D:3      | Found a shimmering altar of Xom.
  2800 | D:3      | Found an iron altar of Okawaru.
  3209 | D:4      | Reached XP level 5. HP: 18/26 MP: 6/10
  3212 | D:4      | Reached skill level 5 in Earth Magic
  3216 | D:4      | Reached skill level 3 in Spellcasting
  3220 | D:4      | HP: 6/26 [orc/flail of holy wrath (4)]
  3602 | D:4      | Noticed an ogre
  3812 | D:4      | Reached skill level 2 in Fighting
  4026 | D:5      | Entered Level 5 of the Dungeon
  4031 | D:5      | Noticed an ogre
  4039 | D:5      | Killed an ogre
  4039 | D:5      | Reached skill level 1 in Maces & Flails
  4039 | D:5      | Reached XP level 6. HP: 31/31 MP: 10/12
  4095 | D:5      | Noticed Ijyb
  4104 | D:5      | Noticed Eustachio
  4111 | D:5      | Your ally died
  4116 | D:5      | Killed Eustachio
  4116 | D:5      | Reached skill level 2 in Maces & Flails
  4269 | D:5      | Noticed a phantom
  4283 | D:5      | Killed a phantom
  4283 | D:5      | Reached XP level 7. HP: 28/35 MP: 11/13
  4333 | D:5      | Reached skill level 4 in Spellcasting
  4352 | D:5      | Reached skill level 3 in Fighting
  4352 | D:5      | Reached skill level 3 in Maces & Flails
  4372 | D:5      | Noticed Blork the orc
  4400 | D:5      | Killed Blork the orc
  4429 | D:5      | Got a wizard robe
  4595 | D:5      | Noticed Menkaure
  4607 | D:5      | Killed Menkaure
  4607 | D:5      | Reached skill level 4 in Maces & Flails
  4756 | D:5      | Found a stormy altar of Qazlal.
  4756 | D:5      | Found a faded altar of an unknown god.
  4767 | D:5      | Found a white marble altar of Elyvilon.
  4769 | D:5      | Found a faded altar of an unknown god.
  4771 | D:5      | Found a shadowy altar of Dithmenos.
  4794 | D:5      | Became a worshipper of Cheibriados the Contemplative
  4794 | D:5      | Reached * piety under Cheibriados
  4884 | D:6      | Found Mesm's Assorted Antiques.
  4899 | D:6      | Gained mutation: You have razor-sharp teeth. [Vine Stalker growth]
  4899 | D:6      | Reached XP level 8. HP: 41/41 MP: 15/15
  4915 | D:6      | Bought a scroll labeled NUNAJE TESKU for 36 gold pieces
  4915 | D:6      | Bought a scroll labeled ANGYOC NOAPP for 36 gold pieces
  4944 | D:6      | HP: 10/42 [wight/halberd (7)]
  4946 | D:6      | HP: 4/42 [wight/halberd (7)]
  4946 | D:6      | Slain by a wight

Skill      XL: |  1  2  3  4  5  6  7 |
---------------+----------------------+-----
Fighting       | 1 2 3 |  3.8
Earth Magic    | 4 5 |  5.0
Spellcasting   | 3 4 |  4.8
Maces & Flails | 1 2 4 |  4.5
Dodging        | |  1.5
Stealth        | |  2.4
Transmutations | |  1.0

Action                   |  1- 3 |  4- 6 |  7- 9 || total
-------------------------+-------+-------+-------++-------
Melee: Dagger            |    70 |    17 |       ||    87
       Bite              |    18 |    23 |    19 ||    60
       Rapier            |       |    42 |       ||    42
       Flail             |       |    46 |    25 ||    71
       Mace              |       |     1 |    44 ||    45
 Cast: Sandblast         |    12 |    14 |     2 ||    28
Evoke: Wand              |       |     1 |       ||     1
  Use: Scroll            |       |     5 |     9 ||    14
       Potion            |       |     1 |       ||     1
 Stab: Sleeping          |     5 |     6 |       ||    11
  Eat: Chunk             |     3 |     8 |     2 ||    13
Armor: Robe              |    18 |    26 |       ||    44
       Ring mail         |       |    11 |    31 ||    42
Dodge: Dodged            |    49 |    67 |    28 ||   144

Table legend:
 A = Turns spent in this place as a percentage of turns spent in the entire game.
 B = Non-inter-level travel turns spent in this place as a percentage of non-inter-level travel turns spent in the entire game.
 C = Inter-level travel turns spent in this place as a percentage of turns spent in this place.
 D = Turns resting spent in this place as a percentage of non-inter-level travel turns spent in this place.
 E = Turns spent auto-exploring this place as a percentage of non-inter-level travel turns spent in this place.
 F = Non-inter-level travel turns spent in this place divided by the number of levels of this place that you've seen.
                   A       B       C       D       E      F
               +-------+-------+-------+-------+-------+----------------------
         Total | 100.0 | 100.0 |   0.4 |   3.7 |  11.2 | 189.8
       Dungeon | 100.0 | 100.0 |   0.4 |   3.7 |  11.2 | 189.8
               +-------+-------+-------+-------+-------+----------------------

Table legend:
 A = Kills in this place as a percentage of kills in entire the game.
 B = Kills by you in this place as a percentage of kills by you in the entire game.
 C = Kills by friends in this place as a percentage of kills by friends in the entire game.
 D = Other kills in this place as a percentage of other kills in the entire game.
 E = Experience gained in this place as a percentage of experience gained in the entire game.
 F = Experience gained in this place divided by the number of levels of this place that you have seen.
                   A       B       C       D       E      F
               +-------+-------+-------+-------+-------+----------------------
         Total | 100.0 | 100.0 | 100.0 |  -nan | 100.0 | 229.2
       Dungeon | 100.0 | 100.0 | 100.0 |  -nan | 100.0 | 229.2
               +-------+-------+-------+-------+-------+----------------------
